General information
			 
			
        
        - name: BNet
- type: Ladder team game (AT/RT)
- host: Battle.net
- saver: skrt
 map: GoldRush
- players: 8
- length: 17:53
- speed: Fast
- version: 1.10030 W3XP
- replay type:  Public
 » download(216 KB)
Players
        team 1 (winner) 
              
              
» 
 only.hero
only.hero (
green | 88 APM | 1572 actions | 17:51)
              
 6 Dreadlord
 6 Dreadlord  2
 2 Sleep
 3
 3 Vampiric Aura
 1
 1 Inferno
 4 Death Knight
 4 Death Knight  2
 2 Death Coil
 2
 2 Unholy Aura
                | Assign group hotkey | 68 |  | 
| Basic commands | 55 |  | 
| Build / train | 72 |  | 
| Enter build submenu | 21 |  | 
| Enter hero's abilities submenu | 10 |  | 
| Give item / drop item | 2 |  | 
| Right click | 514 |  | 
| Select / deselect | 257 |  | 
| Select group hotkey | 486 |  | 
| Use ability | 87 |  | 
                1572 total
 » units 
                
                | Acolyte | 8 |  | 
| Ghoul | 10 |  | 
| Obsidian Statue | 2 |  | 
| Gargoyle | 8 |  | 
| Frost Wyrm | 5 |  | 
                33 total
 » upgrades
                
                | Cannibalize | 1 |  | 
| Creature Attack | 2 |  | 
| Ghoul Frenzy | 1 |  | 
| Creature Carapace | 1 |  | 
| Freezing Breath | 1 |  | 
| Stone Form | 1 |  | 
                7 total
 » buildings
                
                | Crypt | 2 |  | 
| Ziggurat | 6 |  | 
| Altar of Darkness | 1 |  | 
| Tomb of Relics | 2 |  | 
| Nerubian Tower | 4 |  | 
| Graveyard | 1 |  | 
| Halls of the Dead | 1 |  | 
| Necropolis | 2 |  | 
| Black Citadel | 1 |  | 
| Slaughterhouse | 1 |  | 
| Sacrificial Pit | 1 |  | 
| Spirit Tower | 2 |  | 
| Boneyard | 1 |  | 
                25 total
 » build order
                00:10 Crypt
00:24 Ziggurat
00:32 Altar of Darkness
00:55 Tomb of Relics
01:08 Ziggurat
01:26 Nerubian Tower
01:26 Nerubian Tower
02:27 Graveyard
03:37 Ziggurat
04:28 Nerubian Tower
04:28 Nerubian Tower
04:34 Halls of the Dead
05:25 Crypt
05:45 Necropolis
05:47 Ziggurat
06:18 Ziggurat
06:19 Tomb of Relics
06:56 Black Citadel
07:07 Slaughterhouse
07:14 Sacrificial Pit
07:32 Spirit Tower
07:32 Spirit Tower
08:42 Ziggurat
09:17 Boneyard
16:27 Necropolis
» items
                
                | Rod of Necromancy | 5 |  | 
| Sacrificial Skull | 1 |  | 
| Orb of Corruption | 2 |  | 
| Boots of Speed | 1 |  | 
| Scroll of Town Portal | 3 |  | 
                12 total
  
              
              
» 
 skrt
skrt (
teal | 164 APM | 2941 actions | 17:53)
              
 3 Keeper of the Grove
 3 Keeper of the Grove  2
 2 Entangling Roots
 1
 1 Force of Nature
 3 Priestess of the Moon
 3 Priestess of the Moon  1
 1 Trueshot Aura
 2
 2 Searing Arrows
                | Assign group hotkey | 23 |  | 
| Basic commands | 165 |  | 
| Build / train | 81 |  | 
| ESC pressed | 3 |  | 
| Enter build submenu | 22 |  | 
| Enter hero's abilities submenu | 6 |  | 
| Right click | 1392 |  | 
| Select / deselect | 592 |  | 
| Select group hotkey | 576 |  | 
| Use ability | 81 |  | 
                2941 total
 » units 
                » upgrades
                
                | Strength of the Wild | 2 |  | 
| Abolish Magic | 1 |  | 
| Reinforced Hides | 2 |  | 
                5 total
 » buildings
                
                | Altar of Elders | 1 |  | 
| Moon Well | 9 |  | 
| Ancient of War | 1 |  | 
| Tree of Life | 3 |  | 
| Tree of Ages | 1 |  | 
| Hunter's Hall | 1 |  | 
| Ancient of Wind | 1 |  | 
| Ancient of Lore | 2 |  | 
| Tree of Eternity | 2 |  | 
| Ancient of Wonders | 1 |  | 
                22 total
 » build order
                00:05 Altar of Elders
00:06 Moon Well
00:25 Ancient of War
01:39 Moon Well
02:54 Tree of Life
03:09 Moon Well
04:20 Tree of Ages
04:39 Moon Well
05:14 Hunter's Hall
06:44 Ancient of Wind
06:46 Ancient of Lore
06:47 Ancient of Lore
07:04 Tree of Eternity
07:11 Moon Well
07:27 Ancient of Wonders
08:34 Tree of Eternity
08:48 Moon Well
09:05 Moon Well
09:32 Tree of Life
09:53 Moon Well
11:58 Moon Well
12:18 Tree of Life
» items
                
                | Lesser Clarity Potion | 1 |  | 
| Potion of Healing | 4 |  | 
| Potion of Mana | 2 |  | 
| Scroll of Town Portal | 4 |  | 
| Orb of Venom | 1 |  | 
| Anti-magic Potion | 3 |  | 
                15 total
  
              
               MigrantCaravan
MigrantCaravan (
pink | 55 APM | 977 actions | 17:51)
              
 5 Archmage
 5 Archmage  3
 3 Summon Water Elemental
 2
 2 Brilliance Aura
 3 Dark Ranger
 3 Dark Ranger  2
 2 Black Arrow
 1
 1 Silence
                | Assign group hotkey | 19 |  | 
| Basic commands | 79 |  | 
| Build / train | 58 |  | 
| Enter build submenu | 28 |  | 
| Enter hero's abilities submenu | 8 |  | 
| Remove unit from queue | 2 |  | 
| Right click | 442 |  | 
| Select / deselect | 236 |  | 
| Select group hotkey | 51 |  | 
| Use ability | 54 |  | 
                977 total
 » units 
                
                | Peasant | 13 |  | 
| Footman | 3 |  | 
| Rifleman | 8 |  | 
| Priest | 3 |  | 
| Spell Breaker | 2 |  | 
| Forest Troll Shadow Priest | 2 |  | 
| Sorceress | 3 |  | 
| Mortar Team | 1 |  | 
| Siege Engine | 5 |  | 
                40 total
 » upgrades
                
                | Long Rifles | 1 |  | 
| Lumber Harvesting | 1 |  | 
| Gunpowder | 1 |  | 
| Barrage | 1 |  | 
                4 total
 » buildings
                
                | Barracks | 1 |  | 
| Altar of Kings | 1 |  | 
| Farm | 15 |  | 
| Blacksmith | 1 |  | 
| Keep | 1 |  | 
| Arcane Vault | 2 |  | 
| Lumber Mill | 1 |  | 
| Arcane Sanctum | 1 |  | 
| Town Hall | 1 |  | 
| Workshop | 2 |  | 
| Castle | 1 |  | 
| Scout Tower | 1 |  | 
                28 total
 » build order
                00:04 Barracks
00:17 Altar of Kings
00:22 Farm
01:23 Farm
02:02 Blacksmith
02:55 Farm
03:20 Farm
03:29 Keep
03:49 Farm
03:53 Arcane Vault
03:56 Arcane Vault
04:57 Farm
05:39 Farm
05:48 Lumber Mill
06:10 Arcane Sanctum
06:16 Farm
06:57 Farm
07:29 Farm
07:53 Farm
09:29 Town Hall
09:33 Farm
12:01 Workshop
12:58 Workshop
14:19 Castle
14:23 Farm
15:14 Scout Tower
15:26 Farm
16:20 Farm
 
              
              
» 
 Renelander
Renelander (
orange | 35 APM | 629 actions | 17:51)
              
 4 Mountain King
 4 Mountain King  2
 2 Storm Bolt
 2
 2 Bash
 5 Paladin
 5 Paladin  1
 1 Divine Shield
 1
 1 Holy Light
 3
 3 Devotion Aura
                | Basic commands | 12 |  | 
| Build / train | 68 |  | 
| ESC pressed | 4 |  | 
| Enter build submenu | 27 |  | 
| Enter hero's abilities submenu | 8 |  | 
| Give item / drop item | 1 |  | 
| Right click | 270 |  | 
| Select / deselect | 182 |  | 
| Use ability | 57 |  | 
                629 total
 » units 
                
                | Peasant | 14 |  | 
| Rifleman | 7 |  | 
| Gryphon Rider | 4 |  | 
| Dragonhawk Rider | 2 |  | 
                27 total
 » upgrades
                
                | Masonry | 2 |  | 
| Gunpowder | 1 |  | 
| Armor | 3 |  | 
| Lumber Harvesting | 2 |  | 
| Long Rifles | 1 |  | 
| Swords | 2 |  | 
                11 total
 » buildings
                
                | Altar of Kings | 1 |  | 
| Farm | 13 |  | 
| Barracks | 1 |  | 
| Blacksmith | 1 |  | 
| Arcane Vault | 1 |  | 
| Lumber Mill | 1 |  | 
| Town Hall | 1 |  | 
| Scout Tower | 4 |  | 
| Guard Tower | 4 |  | 
| Keep | 1 |  | 
| Castle | 1 |  | 
| Gryphon Aviary | 3 |  | 
                32 total
 » build order
                00:11 Altar of Kings
00:22 Farm
00:58 Barracks
01:15 Farm
01:39 Blacksmith
02:00 Farm
02:42 Arcane Vault
03:56 Lumber Mill
04:19 Town Hall
05:23 Farm
05:26 Farm
05:44 Scout Tower
05:48 Scout Tower
05:55 Scout Tower
06:13 Guard Tower
06:17 Guard Tower
06:20 Scout Tower
06:23 Guard Tower
06:46 Keep
06:52 Guard Tower
07:03 Farm
09:11 Castle
09:25 Gryphon Aviary
09:29 Gryphon Aviary
11:30 Farm
11:32 Farm
12:06 Farm
12:10 Farm
12:12 Farm
12:58 Farm
14:24 Gryphon Aviary
15:50 Farm
» items
                
                | Scroll of Regeneration | 4 |  | 
| Scroll of Town Portal | 2 |  | 
| Orb of Fire | 1 |  | 
| Potion of Healing | 1 |  | 
| Periapt of Vitality | 1 |  | 
| Boots of Speed | 1 |  | 
                10 total
  team 2 (loser) 
              
              
» 
 Apocalix
Apocalix (
yellow | 62 APM | 1105 actions | 17:51)
              
 4 Lich
 4 Lich  2
 2 Frost Nova
 2
 2 Frost Armor
 1 Death Knight
 1 Death Knight  1
 1 Death Coil
 2 Dark Ranger
 2 Dark Ranger  1
 1 Silence
 1
 1 Black Arrow
                | Assign group hotkey | 19 |  | 
| Build / train | 76 |  | 
| ESC pressed | 1 |  | 
| Enter build submenu | 18 |  | 
| Enter hero's abilities submenu | 7 |  | 
| Give item / drop item | 3 |  | 
| Right click | 411 |  | 
| Select / deselect | 210 |  | 
| Select group hotkey | 306 |  | 
| Use ability | 54 |  | 
                1105 total
 » units 
                
                | Acolyte | 17 |  | 
| Ghoul | 8 |  | 
| Crypt Fiend | 9 |  | 
| Meatwagon | 4 |  | 
| Obsidian Statue | 1 |  | 
| Gargoyle | 7 |  | 
                46 total
 » upgrades
                
                | Creature Attack | 3 |  | 
| Creature Carapace | 3 |  | 
| Web | 1 |  | 
| Disease Cloud | 1 |  | 
| Destroyer Form | 1 |  | 
                9 total
 » buildings
                
                | Crypt | 3 |  | 
| Altar of Darkness | 1 |  | 
| Ziggurat | 7 |  | 
| Graveyard | 1 |  | 
| Nerubian Tower | 1 |  | 
| Halls of the Dead | 1 |  | 
| Necropolis | 2 |  | 
| Black Citadel | 1 |  | 
| Slaughterhouse | 3 |  | 
| Tomb of Relics | 2 |  | 
                22 total
 » build order
                00:09 Crypt
00:27 Altar of Darkness
00:39 Ziggurat
01:03 Graveyard
01:30 Ziggurat
01:53 Nerubian Tower
03:23 Ziggurat
04:25 Halls of the Dead
05:10 Necropolis
06:06 Necropolis
06:40 Crypt
06:40 Crypt
06:42 Ziggurat
06:43 Ziggurat
07:23 Black Citadel
08:11 Ziggurat
08:11 Ziggurat
09:36 Slaughterhouse
11:26 Tomb of Relics
11:27 Tomb of Relics
11:37 Slaughterhouse
11:38 Slaughterhouse
» items
                
                | Scroll of Protection | 1 |  | 
| Scroll of Town Portal | 4 |  | 
| Potion of Lesser Invulnerability | 1 |  | 
| Orb of Corruption | 1 |  | 
                7 total
  
              
               TekK
TekK (
purple | 55 APM | 912 actions | 16:31)
              
 4 Keeper of the Grove
 4 Keeper of the Grove  2
 2 Force of Nature
 2
 2 Entangling Roots
 2 Priestess of the Moon
 2 Priestess of the Moon  1
 1 Searing Arrows
 1
 1 Trueshot Aura
                | Assign group hotkey | 28 |  | 
| Basic commands | 8 |  | 
| Build / train | 69 |  | 
| Enter build submenu | 21 |  | 
| Enter hero's abilities submenu | 6 |  | 
| Give item / drop item | 1 |  | 
| Right click | 355 |  | 
| Select / deselect | 305 |  | 
| Select group hotkey | 71 |  | 
| Use ability | 48 |  | 
                912 total
 » units 
                
                | Wisp | 20 |  | 
| Archer | 17 |  | 
| Hippogryph | 10 |  | 
| Chimaera | 2 |  | 
| Peasant | 2 |  | 
                51 total
 » upgrades
                
                | Strength of the Moon | 2 |  | 
| Moon Armor | 1 |  | 
| Strength of the Wild | 2 |  | 
| Reinforced Hides | 1 |  | 
                6 total
 » buildings
                
                | Altar of Elders | 1 |  | 
| Moon Well | 10 |  | 
| Ancient of War | 1 |  | 
| Tree of Ages | 2 |  | 
| Tree of Life | 1 |  | 
| Hunter's Hall | 1 |  | 
| Ancient of Wind | 2 |  | 
| Tree of Eternity | 1 |  | 
| Ancient Protector | 1 |  | 
| Chimaera Roost | 2 |  | 
                22 total
 » build order
                00:17 Altar of Elders
00:32 Moon Well
01:16 Ancient of War
01:43 Moon Well
02:16 Moon Well
03:37 Tree of Ages
03:37 Tree of Ages
04:27 Tree of Life
05:19 Hunter's Hall
05:57 Moon Well
05:59 Moon Well
06:05 Ancient of Wind
06:20 Ancient of Wind
07:49 Tree of Eternity
08:12 Ancient Protector
10:17 Chimaera Roost
10:18 Chimaera Roost
10:32 Moon Well
10:35 Moon Well
11:50 Moon Well
13:17 Moon Well
13:20 Moon Well
 
              
               Purplerains
Purplerains (
red | 114 APM | 1950 actions | 17:10)
              
 4 Death Knight
 4 Death Knight  2
 2 Death Coil
 2
 2 Unholy Aura
 3 Lich
 3 Lich  2
 2 Frost Nova
 1
 1 Frost Armor
 1 Crypt Lord
 1 Crypt Lord  1
 1 Impale
                | Assign group hotkey | 64 |  | 
| Basic commands | 68 |  | 
| Build / train | 53 |  | 
| Enter build submenu | 24 |  | 
| Enter hero's abilities submenu | 8 |  | 
| Give item / drop item | 6 |  | 
| Right click | 760 |  | 
| Select / deselect | 231 |  | 
| Select group hotkey | 645 |  | 
| Use ability | 91 |  | 
                1950 total
 » units 
                
                | Acolyte | 7 |  | 
| Ghoul | 3 |  | 
| Crypt Fiend | 6 |  | 
| Forest Troll Shadow Priest | 1 |  | 
| Frost Wyrm | 2 |  | 
| Priest | 1 |  | 
                20 total
 » upgrades
                » buildings
                
                | Graveyard | 1 |  | 
| Crypt | 1 |  | 
| Altar of Darkness | 1 |  | 
| Ziggurat | 8 |  | 
| Tomb of Relics | 2 |  | 
| Halls of the Dead | 1 |  | 
| Necropolis | 1 |  | 
| Sacrificial Pit | 1 |  | 
| Black Citadel | 1 |  | 
| Boneyard | 3 |  | 
| Workshop | 1 |  | 
                21 total
 » build order
                00:11 Graveyard
00:14 Crypt
00:17 Altar of Darkness
00:35 Ziggurat
00:55 Tomb of Relics
01:28 Ziggurat
03:24 Ziggurat
03:42 Halls of the Dead
04:13 Necropolis
05:56 Ziggurat
06:24 Sacrificial Pit
06:34 Ziggurat
06:36 Ziggurat
06:38 Tomb of Relics
06:54 Black Citadel
09:33 Boneyard
09:34 Boneyard
10:21 Ziggurat
10:53 Boneyard
13:07 Ziggurat
13:27 Workshop
» items
                
                | Rod of Necromancy | 3 |  | 
| Scroll of Healing | 5 |  | 
| Boots of Speed | 1 |  | 
| Potion of Lesser Invulnerability | 2 |  | 
| Scroll of Town Portal | 2 |  | 
| Orb of Corruption | 1 |  | 
| Potion of Healing | 1 |  | 
| Potion of Mana | 2 |  | 
                17 total
  
              
              
» 
 LandShark
LandShark (
blue | 79 APM | 1008 actions | 12:44)
              
 3 Archmage
 3 Archmage  2
 2 Summon Water Elemental
 1
 1 Brilliance Aura
 1 Mountain King
 1 Mountain King  1
 1 Storm Bolt
                | Assign group hotkey | 29 |  | 
| Basic commands | 77 |  | 
| Build / train | 44 |  | 
| Enter build submenu | 24 |  | 
| Enter hero's abilities submenu | 4 |  | 
| Right click | 307 |  | 
| Select / deselect | 206 |  | 
| Select group hotkey | 273 |  | 
| Use ability | 44 |  | 
                1008 total
 » units 
                » upgrades
                » buildings
                
                | Altar of Kings | 1 |  | 
| Farm | 5 |  | 
| Barracks | 1 |  | 
| Scout Tower | 6 |  | 
| Arcane Tower | 3 |  | 
| Arcane Vault | 1 |  | 
| Lumber Mill | 1 |  | 
| Keep | 1 |  | 
| Town Hall | 3 |  | 
| Arcane Sanctum | 1 |  | 
| Guard Tower | 3 |  | 
| Blacksmith | 2 |  | 
                28 total
 » build order
                00:06 Altar of Kings
00:10 Farm
00:26 Barracks
00:50 Farm
01:31 Scout Tower
01:43 Farm
02:02 Arcane Tower
02:02 Arcane Tower
02:25 Arcane Vault
02:39 Farm
04:01 Lumber Mill
04:40 Keep
05:12 Town Hall
05:22 Scout Tower
06:21 Arcane Tower
06:50 Town Hall
07:20 Arcane Sanctum
07:35 Scout Tower
08:51 Farm
08:55 Guard Tower
09:00 Scout Tower
09:05 Scout Tower
09:29 Blacksmith
09:34 Guard Tower
10:57 Guard Tower
11:16 Blacksmith
11:22 Town Hall
12:01 Scout Tower
» items
                
                | Scroll of Regeneration | 1 |  | 
| Scroll of Town Portal | 1 |  | 
                2 total
   Chat log
          
(08:31 / Allies) MigrantCaravan: take tome oj
(08:44 / Allies) Renelander: i got it
(09:34 / Allies) only.hero: rdy
(10:57 / Allies) only.hero: go
(12:35 / Allies) MigrantCaravan: chims
(12:44 / Allies) skrt: if ur dumb and dont realize
(12:58 / Allies) skrt: so be aware
(13:01 / Allies) skrt: and dont be surprised
(13:04 / Allies) skrt: when u see 40 frosts
(14:22 / Allies) only.hero: wood
(15:32 / Allies) only.hero: wood
(17:19 / All) only.hero: sleep own you
(17:47 / All) Apocalix: thoose simple minded ppl